 Dungeon Sprint DCSS version 0.21.0 (webtiles) character file.

4074 wojtek the Severer (level 10, -1/150 HPs)
             Began as a Minotaur Berserker on Jan 8, 2018.
             Was the Champion of Trog.
             Succumbed to an emperor scorpion's poison
             ... in the Dungeon (Sprint VII: "The Pits").
             The game lasted 00:04:11 (1481 turns).

wojtek the Severer (Minotaur Berserker)             Turns: 1481, Time: 00:04:12

Health: -1/150     AC: 20    Str: 31    XL:     10   Next: 5%
Magic:  3/3        EV: 17    Int:  4    God:    Trog [******]
Gold:   0          SH:  0    Dex: 12    Spells: 9/9 levels left

rFire    . . .     SeeInvis .   a - +5 war axe (antimagic)
rCold    . . .     Gourm    .   (no shield)
rNeg     . . .     Faith    .   r - +3 plate armour
rPois    .         Spirit   .   (helmet restricted)
rElec    .         Reflect  .   q - +0 cloak
rCorr    .         Harm     .   (no gloves)
MR       .....     NoTele   +   (no boots)
Stlth    ..........             (no amulet)
HPRegen  0.35/turn              n - +3 ring of evasion
MPRegen  0.08/turn              p - +3 ring of dexterity

@: berserking, lethally poisoned (-1 -> -41), very quick
A: retaliatory headbutt, horns 2
a: Berserk, Trog's Hand, Brothers in Arms, Burn Spellbooks, Renounce Religion


You were in the Dungeon.
You worshipped Trog.
Trog was exalted by your worship.
You were very hungry.

You visited 1 branch

Inventory:

Hand Weapons
 a - a +5 antimagic war axe (weapon)
 b - a +2 hand axe of chopping
 o - a +2 antimagic hand axe
 s - a +1 broad axe of chopping
Armour
 m - a +4 chain mail
 q - a +0 cloak (worn)
 r - a +3 plate armour (worn)
Jewellery
 n - a +3 ring of evasion (left hand)
 p - a +3 ring of dexterity (right hand)
Scrolls
 i - a scroll of blinking
 k - 3 scrolls of remove curse
 l - a scroll of summoning
Potions
 d - 6 potions of curing
 e - 12 potions of heal wounds
 f - 3 potions of haste
 g - 4 potions of magic
 h - 4 potions of berserk rage
 j - 2 potions of invisibility
 t - a potion of might
Comestibles
 c - 9 rations


   Skills:
 + Level 12.8 Fighting
 * Level 17.0 Axes
 + Level 12.6 Armour
 + Level 11.7 Dodging


You had 9 spell levels left.
You didn't know any spells.

Dungeon Overview and Level Annotations

Branches:
Dungeon (1/1)

Altars:
Ashenzari
Cheibriados
Dithmenos
Elyvilon
Fedhas
Gozag
Hepliaklqana
Kikubaaqudgha
Makhleb
Nemelex Xobeh
Okawaru
Qazlal
Ru
Sif Muna
Trog
Uskayaw
Vehumet
Wu Jian
Xom
Yredelemnul
Zin
The Shining One
Beogh
Jiyva
Lugonu


Innate Abilities, Weirdness & Mutations

You reflexively headbutt those who attack you in melee.
You have a pair of horns on your head.


Message History

* * * LOW HITPOINT WARNING * * *
The emperor scorpion closely misses you.
The emperor scorpion claws you but does no damage.
You slash the emperor scorpion!
You feel the power of Trog in you as your rage grows.
You kill the emperor scorpion!
Trog accepts your kill. Something appears at your feet!
Trog grants you a weapon!
Your Axes skill increases to level 17!
Your Armour skill increases to level 12!
You have reached level 10!
* * * LOW HITPOINT WARNING * * *
You feel sick.
You are too berserk!
* * * LOW HITPOINT WARNING * * *
You feel very sick.
You are too berserk!
You feel a strong urge to attack something.
You die...

++##########
.......##..#
#......##..# #
.......''..# .#
.......''..##########..#
#......##..........)...#
.......##.....()@.)[...#
++######################


There were no monsters in sight!

Vanquished Creatures
  An emperor scorpion (D)
  A deep elf mage (D)
  A molten gargoyle (D)
  A komodo dragon (D)
  Sigmund (D)
  A warg (D)
  2 porcupines (D)
  2 floating eyes (D)
  An ice beast (D)
  A black bear (D)
  A centaur (D)
  A crimson imp (D)
  An orc priest (D)
  An orc wizard (D)
  Terence (D)
  A mummy (D)
  An adder (D)
  A river rat (D)
  An ufetubus (D)
  An adder skeleton (D)
  2 orcs (D)
  A ball python (D)
  A bat skeleton (D)
  A goblin (D)
  A frilled lizard (D)
  A jackal zombie (D)
29 creatures vanquished.

Vanquished Creatures (collateral kills)
  An anaconda (D)
  A red devil (D)
  An orc (D)
3 creatures vanquished.

Grand Total: 32 creatures vanquished

Notes
Turn   | Place    | Note
-------+----------+-------------------------------------------
     0 | D        | wojtek the Minotaur Berserker began the quest for the Orb.
     0 | D        | Reached XP level 1. HP: 19/19 MP: 0/0
    23 | D        | Noticed a floating eye
    25 | D        | Paralysed by a floating eye for 2 turns
    28 | D        | Killed a floating eye
    28 | D        | Reached skill level 5 in Fighting
    28 | D        | Reached skill level 7 in Axes
    28 | D        | Reached skill level 5 in Armour
    28 | D        | Reached XP level 2. HP: 30/30 MP: 1/1
    28 | D        | Reached XP level 3. HP: 37/37 MP: 2/2
    28 | D        | Reached XP level 4. HP: 44/44 MP: 3/3
    62 | D        | Found a glowing golden altar of the Shining One.
    62 | D        | Found a glowing silver altar of Zin.
    62 | D        | Found a basalt altar of Yredelemnul.
    62 | D        | Found a shimmering altar of Xom.
    62 | D        | Found an ornate altar of the Wu Jian Council.
    62 | D        | Found a bloodstained altar of Trog.
    62 | D        | Found a deep blue altar of Sif Muna.
    62 | D        | Found a sacrificial altar of Ru.
    62 | D        | Found a stormy altar of Qazlal.
    62 | D        | Found an iron altar of Okawaru.
    62 | D        | Found a sparkling altar of Nemelex Xobeh.
    62 | D        | Found a burning altar of Makhleb.
    62 | D        | Found a viscous altar of Jiyva.
    62 | D        | Found a hazy altar of Hepliaklqana.
    62 | D        | Found an opulent altar of Gozag.
    62 | D        | Found a blossoming altar of Fedhas.
    62 | D        | Found a white marble altar of Elyvilon.
    62 | D        | Found a shadowy altar of Dithmenos.
    62 | D        | Found a snail-covered altar of Cheibriados.
    63 | D        | Found a radiant altar of Vehumet.
    63 | D        | Found a corrupted altar of Lugonu.
    63 | D        | Found a roughly hewn altar of Beogh.
    64 | D        | Found an ancient bone altar of Kikubaaqudgha.
    64 | D        | Found a hide-covered altar of Uskayaw.
    64 | D        | Found a shattered altar of Ashenzari.
    82 | D        | Reached ** piety under Trog
    82 | D        | Reached skill level 5 in Dodging
    87 | D        | Noticed a floating eye
    90 | D        | Paralysed by a floating eye for 2 turns
    96 | D        | Reached skill level 8 in Axes
    98 | D        | Killed a floating eye
    98 | D        | Reached skill level 9 in Axes
    98 | D        | Reached XP level 5. HP: 35/52 MP: 4/4
   201 | D        | Noticed an ice beast
   205 | D        | Reached *** piety under Trog
   217 | D        | Killed an ice beast
   217 | D        | Reached skill level 10 in Axes
   217 | D        | Reached XP level 6. HP: 10/61 MP: 5/5
   539 | D        | Noticed Sigmund
   540 | D        | Noticed Terence
   541 | D        | Noticed a porcupine
   543 | D        | Noticed a porcupine
   547 | D        | Killed a porcupine
   547 | D        | Reached skill level 11 in Axes
   555 | D        | Killed Sigmund
   555 | D        | Reached **** piety under Trog
   555 | D        | Reached XP level 7. HP: 70/70 MP: 6/6
   556 | D        | Reached skill level 12 in Axes
   560 | D        | Killed Terence
   564 | D        | Reached ***** piety under Trog
   664 | D        | Reached skill level 13 in Axes
   678 | D        | Noticed a deep elf mage
   686 | D        | Killed a deep elf mage
   686 | D        | Received a gift from Trog
   686 | D        | Reached skill level 10 in Fighting
   686 | D        | Reached skill level 10 in Armour
   686 | D        | Reached XP level 8. HP: 81/81 MP: 7/7
   690 | D        | Reached skill level 14 in Axes
   783 | D        | Noticed a molten gargoyle
   783 | D        | Noticed a komodo dragon
   788 | D        | Killed a komodo dragon
   789 | D        | Killed a molten gargoyle
   789 | D        | Reached skill level 15 in Axes
   789 | D        | Reached skill level 10 in Dodging
   789 | D        | Reached XP level 9. HP: 58/89 MP: 2/8
  1106 | D        | Noticed a red devil
  1106 | D        | Noticed an anaconda
  1119 | D        | Killed a red devil
  1122 | D        | Killed an anaconda
  1455 | D        | Noticed an emperor scorpion
  1457 | D        | Reached ****** piety under Trog
  1457 | D        | Reached skill level 16 in Axes
  1478 | D        | HP: 5/135 [emperor scorpion (7)]
  1479 | D        | Killed an emperor scorpion
  1479 | D        | Received a gift from Trog
  1479 | D        | Reached skill level 17 in Axes
  1479 | D        | Reached XP level 10. HP: 5/100 MP: 3/9
  1480 | D        | HP: 1/150 [poisoned by an emperor scorpion]
  1481 | D        | Succumbed to an emperor scorpion's poison

Skill      XL: |  1  2  3  4  5  6  7  8  9 |
---------------+----------------------------+-----
Fighting       | 5 7 9 10 11 12 | 12.8
Axes           | 7 9 10 11 13 15 17 | 17.0
Armour         | 5 6 7 8 10 11 12 | 12.6
Dodging        | 4 6 7 9 10 11 | 11.7

Action                   |  1- 3 |  4- 6 |  7- 9 | 10-12 || total
-------------------------+-------+-------+-------+-------++-------
Melee: Hand axe          |     3 |    35 |    23 |       ||    61
       Headbutt          |     1 |     8 |    19 |       ||    28
       War axe           |       |       |    37 |       ||    37
Invok: Berserk           |       |     2 |     3 |       ||     5
       Brothers in Arms  |       |       |     1 |       ||     1
  Use: Potion            |       |       |     1 |       ||     1
  Eat: Chunk             |       |       |     6 |       ||     6
Armor: Animal skin       |       |     2 |       |       ||     2
       Chain mail        |       |     4 |     5 |       ||     9
       Plate armour      |       |       |    22 |       ||    22
Dodge: Dodged            |       |    10 |    36 |       ||    46
